 Dungeon Crawl Stone Soup version 0.18-a0-1784-ga939a68 (webtiles) character file.

166 Scytalen the Slasher (level 5, 0/38 HPs)
             Began as a Demonspawn Gladiator on Apr 18, 2016.
             Was a Follower of Dithmenos.
             Slain by simok's ghost (2 damage)
             ... on level 4 of the Dungeon.
             The game lasted 00:11:31 (3417 turns).

Scytalen the Slasher (Demonspawn Gladiator)         Turns: 3417, Time: 00:11:32

Health: 0/38       AC:  3    Str: 16    XL:     5   Next: 22%
Magic:  5/5        EV:  7    Int:  9    God:    Dithmenos [*.....]
Gold:   39         SH:  0    Dex: 14    Spells: 0 memorised, 4 levels left

rFire  . . .     SeeInvis .     a - +0 long sword
rCold  . . .     Gourm    .     j - +0 leather armour
rNeg   . . .     Faith    .     (no shield)
rPois  .         Spirit   .     (helmet restricted)
rElec  .         Dismiss  .     (no cloak)
rCorr  .         Reflect  .     (no gloves)
SustAt .         Harm     .     (no boots)
MR     .....                    (no amulet)
Stlth  +.........               (no ring)
                                (no ring)

@: wreathed by umbra, not resistant to hostile enchantments, very unstealthy
A: antennae 1
a: Renounce Religion


You were on level 4 of the Dungeon.
You worshipped Dithmenos.
Dithmenos was aware of your devotion.
You were not hungry.

You visited 1 branch of the dungeon, and saw 4 of its levels.

You collected 39 gold pieces.

Inventory:

Hand Weapons
 a - a +0 long sword (weapon)
 b - a +0 blowgun
Missiles
 i - 27 stones (quivered)
 u - 9 poisoned needles
Armour
 j - a +0 leather armour (worn)
Wands
 t - a wand of lightning (4/15)
Scrolls
 c - a scroll of immolation
 e - a scroll of enchant weapon
 g - 2 scrolls of teleportation
 h - a scroll of remove curse {unknown}
 l - a scroll of identify
 o - a scroll of fog {unknown}
 r - a scroll of amnesia {unknown}
 w - a scroll of noise {unknown}
 x - a scroll of blinking {unknown}
 y - 2 scrolls of random uselessness {unknown}
Potions
 m - a potion of magic
 n - a potion of mutation
 q - a potion of agility
 z - a potion of heal wounds
 A - 2 potions of curing
Comestibles
 f - 5 bread rations
 p - a royal jelly
 v - 2 meat rations


   Skills:
 - Level 2.0 Fighting
 + Level 5.4 Long Blades
 - Level 1.7 Throwing
 - Level 2.6 Dodging


You had 4 spell levels left.
You didn't know any spells.

Dungeon Overview and Level Annotations

Branches:
Dungeon (4/15)
 Temple: D:4-7

Altars:
Dithmenos
Gozag
Kikubaaqudgha
Okawaru
Pakellas
Sif Muna

Annotations:
D:4 simok's ghost, amateur DsMo


Innate Abilities, Weirdness & Mutations

You have a pair of small antennae on your head.


Message History

Simok's ghost hits you.
You take 5 damage, and have 14/38 hp.
You barely miss simok's ghost.
Simok's ghost is severely damaged.
Simok's ghost closely misses you. x2
You hit simok's ghost.
Simok's ghost is severely damaged.
Simok's ghost closely misses you.
You hit simok's ghost but do no damage.
Simok's ghost is severely damaged.
Simok's ghost hits you.
* * * LOW HITPOINT WARNING * * *
You take 6 damage, and have 8/38 hp.
You hit simok's ghost but do no damage.
Simok's ghost is severely damaged.
Simok's ghost hits you.
* * * LOW HITPOINT WARNING * * *
You take 6 damage, and have 2/38 hp.
Simok's ghost hits you.
You die...

#(..(#
#....#
#(...#
#..(.#
#(...#
#(...#
#.(..#
#...@#
#.(.W#
#..
#...(#
#....
#[(.(#
#.....
#.(..##
#.....
#.(...+
#...# ##
#(..(.#
#...###.
#(..((#
#.......
#.....#
+.......


You could see simok's ghost.

Vanquished Creatures
  A phantom (D:4)
  An adder (D:3)
  An ooze (D:3)
  2 worms
  2 dart slugs (D:1)
  A giant gecko (D:3)
  6 orcs
  8 bats
  2 giant cockroaches
  3 hobgoblins
  5 jackals
  7 kobolds
  4 giant newts
  4 goblins
  4 rats
51 creatures vanquished.

Notes
Turn   | Place    | Note
--------------------------------------------------------------
     0 | D:1      | Scytalen the Demonspawn Gladiator began the quest for the Orb.
     0 | D:1      | Reached XP level 1. HP: 16/16 MP: 1/1
   122 | D:1      | Reached skill level 3 in Long Blades
   416 | D:1      | Gained mutation: You have a pair of small antennae on your head. [demonic ancestry]
   416 | D:1      | Reached XP level 2. HP: 22/22 MP: 2/2
   821 | D:2      | Found a shadowy altar of Dithmenos.
   833 | D:2      | Became a worshipper of Dithmenos the Shadowed
  1312 | D:2      | Found an iron altar of Okawaru.
  1404 | D:2      | Found a faded altar to an unknown god.
  1642 | D:2      | Found an oddly glowing altar of Pakellas.
  1643 | D:2      | Found a deep blue altar of Sif Muna.
  1661 | D:2      | Reached XP level 3. HP: 27/27 MP: 3/3
  1963 | D:3      | Found an opulent altar of Gozag.
  2162 | D:3      | Reached skill level 4 in Long Blades
  2528 | D:3      | Reached * piety under Dithmenos
  2574 | D:3      | Found an ancient bone altar of Kikubaaqudgha.
  2649 | D:3      | Reached XP level 4. HP: 32/33 MP: 4/4
  3095 | D:4      | Noticed a phantom
  3212 | D:4      | Killed a phantom
  3212 | D:4      | Reached skill level 5 in Long Blades
  3212 | D:4      | Reached XP level 5. HP: 15/38 MP: 5/5
  3388 | D:4      | Noticed simok's ghost (amateur DsMo)
  3417 | D:4      | Slain by simok's ghost

Vault maps used:
D:1:      minmay_arrival_four_houses
D:2:      okawaru_gym_becter, gammafunk_temple_overflow_pools,
          ecumenical_altar_2, first_bread, grunt_dithmenos_smoke
D:3:      marbit_many_paths, lemuel_doored_altar
D:4:      uniq_edmund

Skill      XL: |  1  2  3  4 |
---------------+-------------+-----
Long Blades    | 3 4 5 |  5.4
Fighting       | |  2.0
Throwing       | |  1.7
Dodging        | |  2.6

Action                   |  1- 3 |  4- 6 || total
-------------------------+-------+-------++-------
Melee: Long sword        |   126 |    61 ||   187
 Fire: Blowgun           |     5 |     8 ||    13
Throw: Throwing net      |     2 |     3 ||     5
       Stone             |    39 |    57 ||    96
       Tomahawk          |     7 |     5 ||    12
Evoke: Wand              |     2 |       ||     2
  Use: Potion            |     1 |       ||     1
       Scroll            |       |     7 ||     7
  Eat: Chunk             |     5 |     3 ||     8
Armor: Leather armour    |    36 |     5 ||    41
Dodge: Dodged            |    82 |    38 ||   120
